 Dungeon Crawl Stone Soup version 0.27-a0-1565-gad902ab807 (webtiles) character file.

Game seed: 16124496473912351070

1110 Leszczynek the Skirmisher (level 8, -1/68 HPs)
             Began as a Human Gladiator on July 16, 2021.
             Was an Initiate of Gozag.
             Slain by Harold (14 damage)
             ... on level 8 of the Dungeon.
             The game lasted 00:16:42 (2036 turns).

Leszczynek the Skirmisher (Human Gladiator)         Turns: 2036, Time: 00:16:42

Health: -1/68      AC: 12    Str: 16    XL:     8   Next: 59%
Magic:  8/8        EV: 10    Int: 10    God:    Gozag
Gold:   254        SH:  0    Dex: 14    Spells: 7/7 levels left

rFire    . . .     SeeInvis +   a - +2 trident (flame)
rCold    + . .     Faith    .   (no shield)
rNeg     . . .     Spirit   .   f - +2 scale mail {rC+}
rPois    .         Reflect  .   c - +0 helmet
rElec    .         Harm     .   p - +2 cloak
rCorr    .         Rampage  .   (no gloves)
Will     .....                  (no boots)
Stlth    ..........             (no amulet)
HPRegen  0.21/turn              e - ring of see invisible
MPRegen  0.11/turn              (no ring)

@: brilliant, marked, flying
A: no striking features
a: Renounce Religion, Potion Petition, Call Merchant, Bribe Branch


You were on level 8 of the Dungeon.
You worshipped Gozag.
Gozag was aware of your devotion.
You visited 1 branch of the dungeon, and saw 8 of its levels.

You collected 314 gold pieces.
You paid 60 gold pieces to Gozag.

Inventory:

Hand Weapons
 a - a +2 trident of flaming (weapon)
 d - a +0 war axe
 g - a +0 shortbow
Missiles
 h - 5 javelins (quivered)
Armour
 b - a +0 leather armour
 c - a +0 helmet (worn)
 f - a +2 scale mail of cold resistance (worn)
 k - a +0 kite shield
 p - a +2 cloak (worn)
 w - the +1 ring mail of Absolutism {+Inv Fly Dex+4 Stlth+}
   (You found it on level 8 of the Dungeon)

   Dex:       It affects your dexterity (+4).
   +Inv:      It lets you turn invisible.
   Fly:       It grants you flight.
   Stlth:     It makes you more stealthy.
Jewellery
 e - a ring of see invisible (left hand)
Wands
 r - a wand of mindburst (8)
 s - a wand of digging (4)
 v - a wand of paralysis (9)
Scrolls
 i - a scroll of noise {!r}
 j - 2 scrolls of teleportation
 l - a scroll of vulnerability {!r}
 m - a scroll of fear
 n - a scroll of enchant weapon {unknown}
 o - a scroll of magic mapping {unknown}


   Skills:
 + Level 7.7 Fighting
 - Level 6.7 Axes
 - Level 2.0 Throwing
 - Level 3.0 Dodging


You had 7 spell levels left.
You didn't know any spells.
Your spell library contained the following spells:

 Spells                   Type           Power      Damage    Failure   Level
 Foxfire                  Conj/Fire      0%         2x1d4     82%         1
 Conjure Flame            Conj/Fire      0%         6-21      99%         3
 Inner Flame              Hex/Fire       0%         N/A       99%         3


Dungeon Overview and Level Annotations

Branches:
Dungeon (8/15)
 Temple: D:4-7         Lair: D:8-11

Altars:
Dithmenos
Gozag
Kikubaaqudgha
Makhleb
Ru
Xom

Annotations:
D:5 Menkaure
D:6 2 transporters, qborf's ghost, novice TrMo
D:8 Harold


Message History

Okay, then.
Aiming: Mindburst
Press: ? - help, Shift-Dir - straight line, f - Harold
Aim: Harold, wielding a +0 trident, wearing a +0 scale mail and quivering 2 throwing nets (chance to affect: 30%)
Okay, then.
Aiming: Paralyse
Press: ? - help, Shift-Dir - straight line, f - Harold
Aim: Harold, wielding a +0 trident, wearing a +0 scale mail and quivering 2 throwing nets (chance to affect: 15%)
Okay, then.
Okay, then.
Press: ? - help, v - describe, . - travel
Here: Harold, wielding a +0 trident, wearing a +0 scale mail and quivering 2 throwing nets The floor.
Enter note: You puncture Harold!
You burn Harold.
Harold is lightly wounded.
Harold drinks a potion.
Harold seems to speed up.
You hit Harold but do no damage.
Harold is lightly wounded.
Harold points at you and mumbles some strange words.
A sentinel's mark forms upon you. Harold hits you but does no damage.
You hit Harold. You burn Harold.
Harold is lightly wounded.
Harold hits you with a +0 trident. x2
You barely miss Harold.
Harold is lightly wounded.
Harold hits you with a +0 trident.
You hit Harold but do no damage.
Harold is lightly wounded.
Harold hits you with a +0 trident! Harold hits you with a +0 trident.
You closely miss Harold.
Harold is lightly wounded.
Harold hits you but does no damage. Harold hits you with a +0 trident!
* * * LOW HITPOINT WARNING * * *
You hit Harold but do no damage.
Harold is lightly wounded.
Harold hits you with a +0 trident!
You die...
Your body crumbles into a pile of gold.

## .# ##.##.# ##...#.#
......## #........###
#.#.....@..#
.####.#.#....#
#.......#@##.# #+##.#
#.....@..# #.##.#
###.#.####.#
####.##.#####........#
#...........#.#.######
#Y....#.###.#.#.#
..............#.#
#.....#.###...#.#
#.....#.......#.#
####.##.###.....#


You could see Harold (fast).

Vanquished Creatures
  Grinder (D:6)
  A water moccasin (D:8)
  An orc warrior (D:7)
  A black bear (D:8)
  A lemure (D:4)
  A bullfrog (D:8)
  A water moccasin zombie (D:6)
  A scorpion (D:4)
  2 hounds
  2 orc priests
  2 gnoll shamans (D:7)
  An iguana (D:5)
  Terence (D:2)
  2 orc wizards
  A killer bee zombie (D:6)
  A hound skeleton (D:5)
  8 gnolls (D:7)
  2 white imps
  An ufetubus (D:6)
  A dart slug (D:4)
  11 orcs
  An endoplasm (D:4)
  A giant cockroach (D:4)
  A goblin (D:1)
  4 hobgoblins
  3 jackals (D:3)
  A quokka (D:2)
  A ball python (D:1)
  4 bats
  A frilled lizard (D:1)
  2 kobolds (D:2)
  3 rats
65 creatures vanquished.

Vanquished Creatures (others)
  23 fungi (D:8)
  40 plants
63 creatures vanquished.

Grand Total: 128 creatures vanquished

Notes
Turn   | Place    | Note
-------+----------+-------------------------------------------
     0 | D:1      | Leszczynek the Human Gladiator began the quest for the Orb.
     0 | D:1      | Reached XP level 1. HP: 16/16 MP: 1/1
   180 | D:1      | Reached XP level 2. HP: 20/22 MP: 2/2
   228 | D:2      | Found a faded altar of an unknown god.
   228 | D:2      | Noticed Terence
   243 | D:2      | Killed Terence
   244 | D:2      | Reached skill level 4 in Axes
   244 | D:2      | Reached XP level 3. HP: 17/27 MP: 3/3
   487 | D:4      | Reached XP level 4. HP: 29/33 MP: 4/4
   505 | D:5      | Entered Level 5 of the Dungeon
   542 | D:4      | Reached skill level 5 in Axes
   546 | D:4      | Found a sacrificial altar of Ru.
   626 | D:4      | Noticed a lemure
   641 | D:4      | Noticed a scorpion
   657 | D:4      | Killed a scorpion
   658 | D:4      | Reached XP level 5. HP: 31/38 MP: 5/5
   662 | D:4      | Killed a lemure
   761 | D:4      | HP: 11/57 [orc (5)]
   764 | D:4      | Reached skill level 6 in Axes
   775 | D:4      | Found an opulent altar of Gozag.
   780 | D:4      | do i
   783 | D:4      | Became a worshipper of Gozag Ym Sagoz the Greedy
   822 | D:5      | Found a shadowy altar of Dithmenos.
   827 | D:5      | HP: 7/38 [iguana (2)]
   830 | D:5      | Reached XP level 6. HP: 9/44 MP: 6/6
   868 | D:5      | HP: 8/44 [hound skeleton (1)]
  1076 | D:5      | Noticed Menkaure
  1135 | D:6      | Noticed an ogre
  1149 | D:6      | Noticed qborf's ghost (novice TrMo)
  1149 | D:6      | Found a transporter.
  1150 | D:6      | Noticed a wraith
  1367 | D:6      | Reached skill level 3 in Fighting
  1405 | D:6      | Noticed an orc warrior
  1423 | D:7      | Noticed an orc warrior
  1451 | D:6      | Found a transporter.
  1477 | D:6      | Noticed Grinder
  1480 | D:6      | Paralysed by Grinder for 4 turns
  1495 | D:6      | Killed Grinder
  1496 | D:6      | Reached skill level 4 in Fighting
  1496 | D:6      | Reached XP level 7. HP: 27/55 MP: 7/7
  1504 | D:6      | Found an ancient bone altar of Kikubaaqudgha.
  1545 | D:6      | Reached skill level 5 in Fighting
  1612 | D:7      | Reached XP level 8. HP: 51/64 MP: 8/8
  1657 | D:7      | Reached skill level 6 in Fighting
  1789 | D:7      | Found a shimmering altar of Xom.
  1790 | D:7      | Found a shimmering altar of Xom.
  1790 | D:7      | Found a shimmering altar of Xom.
  1790 | D:7      | Found a shimmering altar of Xom.
  1790 | D:7      | Found a shimmering altar of Xom.
  1791 | D:7      | Found a shimmering altar of Xom.
  1798 | D:7      | Found a shimmering altar of Xom.
  1911 | D:8      | Found a burning altar of Makhleb.
  1954 | D:8      | Reached skill level 7 in Fighting
  1964 | D:8      | Noticed a yak
  1971 | D:8      | Identified the +1 ring mail of Absolutism {+Inv Fly Dex+4
                  | Stlth+}
  2025 | D:8      | Noticed Harold
  2035 | D:8      | HP: 13/68 [Harold (10)]
  2036 | D:8      | Slain by Harold

Illustrated notes

#.###.# ###### #..##.#
...>.# ##.##.#
####.#####...#.#########
#.#.................###
#.#.###...#.#######.).##
#.......†###########)..#
#........#8..#.........#
#.#.######_..@.........#
#.#.# #8..#.........#
####.#.# ###########...#
.....#.# ##### .......#
########


Turn 780 on D:4: do i

Levels and vault maps discovered:
D:1:      amcnicky_arrival_wind_blow, layout_basic, serial_forest,
          infiniplex_forest_end_double, infiniplex_forest_corner_1,
          infiniplex_forest_clump_large, infiniplex_forest_clump_curved,
          infiniplex_forest_lined_3, grunt_decor_clamped,
          minmay_misc_feat_rugged, minmay_worlds_worst_comb
D:2:      layout_basic, dreamdust_ecumenical_altar_angels_and_demons,
          serial_bayou_pond_d, kennysheep_donut, minmay_pentomino_z4,
          uniq_terence
D:3:      layout_loops_ring, uniq_crazy_yiuf_cottage
D:4:      layout_loops_ring, grunt_gozag_breadcrumbs, nicolae_uskayaw_suspiria,
          gammafunk_temple_overflow_wave, nicolae_ru_awakened_eye, uniq_pikel
D:5:      layout_gridville, kennysheep_mini_moat, uniq_menkaure
D:6:      layout_gridville, mainiacjoe_overflow_surrounded_room,
          minmay_temple_entry_statues_pillars, gammafunk_ghost_mausoleum,
          uniq_grinder
D:7:      minmay_clustersquares, layout_basic, zin_angel, xom_shifter_show,
          chequers_jeans, item_on_display_a, uniq_prince_ribbit1
D:8:      layout_loops_corners, overflow_temple_1_default,
          due_lair_maze_entry_diamond, minmay_sticks_and_stones, uniq_erica,
          uniq_harold

Skill      XL: |  1  2  3  4  5  6  7  8 |
---------------+-------------------------+-----
Axes           | 4 5 6 |  6.7
Fighting       | 4 5 7 |  7.7
Throwing       | |  2.0
Dodging        | |  3.0

Action                   |  1- 3 |  4- 6 |  7- 9 || total
-------------------------+-------+-------+-------++-------
Melee: War axe           |    69 |    65 |       ||   134
       Trident           |       |    41 |    84 ||   125
Throw: Throwing net      |     3 |     1 |       ||     4
Evoke: Wand              |       |       |     7 ||     7
  Use: Potion            |       |     3 |     3 ||     6
       Scroll            |       |     5 |       ||     5
 Stab: Held in net/web   |     2 |     1 |       ||     3
Armor: Leather armour    |     3 |       |       ||     3
       Scale mail        |    23 |    47 |    30 ||   100
       Skin              |       |     8 |       ||     8
Dodge: Dodged            |    40 |    55 |    34 ||   129

Table legend: (Time is in decaauts)
 A = Elapsed time spent in this place.
 B = Non-inter-level travel time spent in this place.
 C = Inter-level travel time spent in this place.
 D = Time resting spent in this place.
 E = Time spent auto-exploring this place.
 F = Levels seen in this place.
 G = Mean time per level.
                   A        B        C        D        E       F      G
               +--------+--------+--------+--------+--------+-----+--------+
         Total |   2169 |   2150 |     19 |      0 |     42 |   8 |  271.1 |
       Dungeon |   2169 |   2150 |     19 |      0 |     42 |   8 |  271.1 |
               +--------+--------+--------+--------+--------+-----+--------+

Top non-repeatable levels by time:
     D:5: 607 daAuts
     D:4: 377 daAuts
     D:7: 330 daAuts
     D:6: 275 daAuts
     D:1: 194 daAuts
     D:2: 152 daAuts
     D:8: 127 daAuts
     D:3: 104 daAuts
